 Dungeon Crawl Stone Soup version 0.27.1-3-gb3d3a73c9e (webtiles) character file.

Game seed: 7556410552568539805

12707 waplegopp the Cleaver (level 11, -1/67 HPs)
             Began as a Tengu Berserker on Oct 31, 2021.
             Was a High Priest of Trog.
             Succumbed to Sonja's poison
             ... on level 1 of the Lair of Beasts.
             The game lasted 00:26:42 (21725 turns).

waplegopp the Cleaver (Tengu Berserker)            Turns: 21725, Time: 00:26:43

Health: -1/67      AC: 20    Str: 21    XL:     11   Next: 97%
Magic:  12/12      EV: 10    Int:  8    God:    Trog [*****.]
Gold:   735        SH:  0    Dex: 13    Spells: 10/10 levels left

rFire    . . .     SeeInvis .   z - +5 battleaxe (freeze)
rCold    . . .     Faith    .   (shield currently unavailable)
rNeg     . . .     Spirit   .   y - +0 plate armour
rPois    +         Reflect  .   (helmet restricted)
rElec    .         Harm     .   I - +2 cloak
rCorr    .         Rampage  .   o - +1 pair of gloves
Will     .....                  (boots unavailable)
Stlth    ..........             (no amulet)
HPRegen  0.21/turn              b - ring of poison resistance
MPRegen  0.13/turn              (no ring)

@: lethally poisoned (-1 -> -9), on berserk cooldown, flying quickly and
evasively, slowed, very slow
A: beak, talons 3, nimble flight
a: Renounce Religion, Berserk, Trog's Hand, Brothers in Arms


You were on level 1 of the Lair of Beasts.
You worshipped Trog.
Trog was extremely pleased with you.
You visited 2 branches of the dungeon, and saw 10 of its levels.
You also visited: Sewer.

You collected 735 gold pieces.

Inventory:

Hand Weapons
 x - a +0 war axe
 z - a +5 battleaxe of freezing (weapon)
Missiles
 a - 16 boomerangs (quivered)
 k - 26 poisoned darts
 A - 3 throwing nets
 H - 4 silver boomerangs
Armour
 o - a +1 pair of gloves (worn)
 y - a +0 plate armour (worn)
 I - a +2 cloak (worn)
Jewellery
 b - a ring of poison resistance (left hand)
 v - a ring of fire
 F - the ring of Iduatru {+Blink rElec rN+ Dex-5 SInv}
   (You took it off an orc warrior on level 8 of the Dungeon)

   [ring of positive energy]

   Dex:       It affects your dexterity (-5).
   rElec:     It insulates you from electricity.
   rN:        It protects you from negative energy.
   SInv:      It lets you see invisible.
   +Blink:    It lets you blink.
Wands
 h - a wand of digging (4)
 p - a wand of iceblast (5)
 s - a wand of mindburst (7)
 t - a wand of flame (11)
 C - a wand of polymorph (5)
Scrolls
 e - 3 scrolls of teleportation
 g - 3 scrolls of fog
 j - 2 scrolls of magic mapping
Potions
 c - a potion of cancellation
 d - 2 potions of resistance
 f - a potion of haste
 i - 3 potions of mutation
 l - 5 potions of curing
 m - a potion of heal wounds
 n - a potion of magic {unknown}
 q - a potion of ambrosia {unknown}
 r - 2 potions of invisibility {unknown}
 u - a potion of attraction {unknown}
 w - 3 potions of might {unknown}
 B - 2 potions of berserk rage {unknown}
 E - a potion of degeneration {unknown}


   Skills:
 + Level 7.6 Fighting
 + Level 12.9 Axes
 + Level 7.2 Throwing
 + Level 10.6 Armour
 + Level 4.5 Dodging
 + Level 3.0 Stealth
 + Level 1.2 Evocations


You had 10 spell levels left.
You didn't know any spells.
Your spell library was empty.

Dungeon Overview and Level Annotations

Branches:
Dungeon (9/15)             Temple (0/1) D:7            Lair (1/6) D:8
    Orc (0/2) D:9           Sewer (visited)

Altars:
Ashenzari
Elyvilon
Fedhas
Hepliaklqana
Makhleb
Nemelex Xobeh
Okawaru
Trog
Yredelemnul
The Shining One

Shops:
D:6 (

Annotations:
D:8 3 runed translucent doors, belegose's ghost, novice MfAK


Innate Abilities, Weirdness & Mutations

You have a beak for a mouth.
You have claws for feet.
Your magical nature lets you fly swiftly and evasively.


Message History

* * * LOW HITPOINT WARNING * * *
You barely miss the cane toad. You peck the cane toad.
The cane toad is almost dead.
You feel very sick. The cane toad stings you.
* * * LOW HITPOINT WARNING * * *
You completely miss the cane toad. You claw the cane toad.
You kill the cane toad!
Trog accepts your kill.
You feel very sick.
You closely miss Sonja. Your kick misses Sonja. You peck Sonja!
Sonja is moderately wounded.
You feel sick.
You closely miss Sonja. Your kick misses Sonja. Your peck misses Sonja.
Sonja is moderately wounded.
You feel sick. Sonja hits you but does no damage.
You are lethally poisoned!
Sonja barely misses you. Sonja hits you but does no damage.
You slice Sonja!! You freeze Sonja!
You kill Sonja!
Trog accepts your kill.
Trog appreciates your killing of a magic user.
* * * LOW HITPOINT WARNING * * *
You feel very sick.
* * * LOW HITPOINT WARNING * * *
You feel sick.
There is a lethal amount of poison in your body!
You are too berserk!
You are too berserk!
You feel a strong urge to attack something.
* * * LOW HITPOINT WARNING * * *
You feel sick.
* * * LOW HITPOINT WARNING * * *
You feel sick.
You feel your anger nearly subside.
You are no longer berserk.
You are exhausted.
You feel yourself slow down.
* * * LOW HITPOINT WARNING * * *
You feel sick.
You die...

##..######....#.###...........
#### ####..###............
##......#........#
#...######....... #...#
##...... ###...# ###....
#.....## #.... ##.....# #.....
##@...## #..... #....## #.....
##.##.# #..... #..#### #.....
#.## ..... ......).# ....
........# ..) ......... ..
........# .


There were no monsters in sight!

Vanquished Creatures
  Harold (D:9)
  A two-headed ogre (D:9)
  Sonja (Lair:1)
  A deep elf pyromancer (D:7)
  A cane toad (Lair:1)
  4 komodo dragons (Lair:1)
  A troll (D:8)
  8 spriggans (Lair:1)
  17 yaks
  2 vampire mosquitoes (D:9)
  2 wyverns
  3 water moccasins
  8 orc warriors
  A sky beast (D:5)
  A black bear (D:8)
  2 ogres
  4 centaurs
  A kobold brigand (D:8)
  5 bullfrogs
  A scorpion (D:4)
  A water moccasin skeleton (D:4)
  22 wights
  2 howler monkeys
  4 electric eels (D:8)
  2 bullfrog zombies
  2 centaur zombies (D:8)
  11 hounds
  A centaur skeleton (D:6)
  An iguana (D:5)
  A scorpion zombie (D:5)
  Natasha (thrice) (D:2)
  9 orc wizards
  A hound skeleton (D:5)
  10 adders
  A shadow imp (D:6)
  A white imp (D:5)
  An ufetubus (D:5)
  A worm (D:5)
  5 dart slugs
  50 orcs
  19 ball pythons
  11 endoplasms
  11 giant cockroaches
  7 goblins
  4 hobgoblins
  3 jackals (D:2)
  19 quokkas
  6 bats
  18 frilled lizards
  11 kobolds
  9 rats
  2 bushes (D:4)
314 creatures vanquished.

Vanquished Creatures (collateral kills)
  An orc warrior (D:6)
  A centaur (D:6)
  A phantom (D:6)
  An orc wizard (D:5)
  2 orcs (D:5)
6 creatures vanquished.

Vanquished Creatures (others)
  A howler monkey zombie (D:9)
  2 fungi (Lair:1)
  6 plants
9 creatures vanquished.

Grand Total: 329 creatures vanquished

Notes
Turn   | Place    | Note
-------+----------+-------------------------------------------
     0 | D:1      | waplegopp the Tengu Berserker began the quest for the Orb.
     0 | D:1      | Reached XP level 1. HP: 14/14 MP: 2/2
   396 | D:1      | Reached XP level 2. HP: 19/19 MP: 3/3
   918 | D:1      | Reached XP level 3. HP: 22/23 MP: 4/4
  1100 | D:1      | Found a faded altar of an unknown god.
  1106 | D:1      | Reached skill level 4 in Axes
  1204 | D:2      | Reached ** piety under Trog
  2100 | D:2      | Reached XP level 4. HP: 28/28 MP: 5/5
  2147 | D:2      | Noticed Natasha
  2159 | D:2      | Killed Natasha
  2398 | D:2      | Noticed Natasha
  2406 | D:2      | Killed Natasha
  3015 | D:2      | Noticed Natasha
  3053 | D:2      | Killed Natasha
  3054 | D:2      | Reached skill level 1 in Stealth
  3054 | D:2      | Gained mutation: Your magical nature lets you fly swiftly
                  | and evasively. [Tengu growth]
  3054 | D:2      | Reached XP level 5. HP: 33/33 MP: 6/6
  3419 | D:2      | Reached skill level 5 in Axes
  3865 | D:3      | Found a glowing drain.
  3948 | Sewer    | Entered a sewer
  4771 | Sewer    | Reached *** piety under Trog
  4772 | Sewer    | Reached XP level 6. HP: 38/38 MP: 7/7
  5283 | Sewer    | Reached **** piety under Trog
  6984 | D:4      | Reached skill level 6 in Axes
  7589 | D:4      | Reached XP level 7. HP: 43/43 MP: 8/8
  9064 | D:5      | Entered Level 5 of the Dungeon
  9223 | D:5      | Found a glowing golden altar of the Shining One.
 10073 | D:5      | Reached skill level 7 in Axes
 10073 | D:5      | Reached skill level 5 in Armour
 10073 | D:5      | Reached XP level 8. HP: 43/48 MP: 9/9
 11648 | D:6      | Reached skill level 5 in Fighting
 11982 | D:6      | Reached skill level 8 in Axes
 12241 | D:6      | Found Lirol's Antique Weapon Shop.
 12296 | D:6      | Found a hazy altar of Hepliaklqana.
 12296 | D:6      | Found a bloodstained altar of Trog.
 12409 | D:6      | Found a broken altar of Ashenzari.
 12409 | D:6      | Found a basalt altar of Yredelemnul.
 12417 | D:6      | Found a burning altar of Makhleb.
 12419 | D:6      | Found a white marble altar of Elyvilon.
 12421 | D:6      | Found a blossoming altar of Fedhas.
 12483 | D:7      | Noticed a deep elf pyromancer
 12492 | D:7      | Killed a deep elf pyromancer
 12493 | D:7      | Reached skill level 1 in Throwing
 12493 | D:7      | Reached XP level 9. HP: 54/54 MP: 10/10
 13402 | D:7      | Reached skill level 9 in Axes
 14310 | D:7      | Found a staircase to the Ecumenical Temple.
 15182 | D:8      | Found a runed translucent gate.
 15183 | D:8      | Found a runed translucent gate.
 15183 | D:8      | Found a runed translucent gate.
 15183 | D:8      | Noticed an 11-headed hydra
 15183 | D:8      | Noticed belegose's ghost (novice MfAK)
 15753 | D:8      | Found a staircase to the Lair.
 15792 | D:8      | Reached XP level 10. HP: 60/60 MP: 11/11
 15817 | D:8      | Reached skill level 10 in Axes
 15817 | D:8      | Reached skill level 1 in Evocations
 15965 | D:8      | Identified the ring of Iduatru {+Blink rElec rN+ Dex-5
                  | SInv}
 15974 | D:8      | Reached ***** piety under Trog
 15977 | D:8      | Reached skill level 5 in Throwing
 17646 | D:9      | Found a sparkling altar of Nemelex Xobeh.
 17777 | D:9      | Noticed a two-headed ogre
 17798 | D:9      | Killed a two-headed ogre
 17799 | D:9      | Reached skill level 11 in Axes
 18303 | D:9      | Found an iron altar of Okawaru.
 18312 | D:9      | Noticed Harold
 18322 | D:9      | Killed Harold
 18434 | D:9      | Reached XP level 11. HP: 64/66 MP: 12/12
 19464 | D:9      | Found a staircase to the Orcish Mines.
 20073 | Lair:1   | Entered Level 1 of the Lair of Beasts
 20380 | Lair:1   | Reached skill level 10 in Armour
 21020 | Lair:1   | Reached skill level 12 in Axes
 21711 | Lair:1   | Noticed Sonja
 21720 | Lair:1   | Killed Sonja
 21724 | Lair:1   | HP: 2/67 [poisoned by Sonja]
 21725 | Lair:1   | Succumbed to Sonja's poison

Illustrated notes

Levels and vault maps discovered:
D:1:      onia_arrival_handbag, layout_basic, dreamdust_ecumenical_altar_grove,
          minmay_misc_feat_alley
D:2:      layout_basic, uniq_natasha
D:3:      layout_loops_ring, portal_sewer_entry_a
D:4:      layout_basic, serial_forest, infiniplex_forest_lined_room_3,
          infiniplex_forest_clump_small, infiniplex_forest_lined_4_way,
          infiniplex_forest_end_2, infiniplex_forest_corner_1,
          infiniplex_forest_end_3, infiniplex_forest_lined_3_way,
          infiniplex_forest_lined_room_3, grunt_ministairs_8
D:5:      layout_loops_corners, lemuel_tele_altar
D:6:      wander_river, layout_rooms, chequers_temple_overflow_minitemple,
          gammafunk_temple_overflow_pools, serial_shops, shop
D:7:      layout_cave_pods, minmay_temple_entry_enclosed_plants,
          lemuel_old_faithful
D:8:      layout_basic, erik_lair_island, gammafunk_ghost_hydra_chop,
          serial_rivers, chequers_serial_rivers_large_b,
          chequers_serial_rivers_micro_a, chequers_serial_rivers_small_b,
          chequers_serial_rivers_large_a, chequers_serial_rivers_micro_b,
          minmay_fractal_squares_diagonal_5
D:9:      layout_loops_cross, nemelex_xobeh_ov_fountains_minmay,
          mainiacjoe_overflow_surrounded_room, hiddenorc1_lemuel, uniq_harold
Lair:1:   kb_forest_paths, layout_cave_pods, hangedman_lair_generics_rect,
          uniq_sonja

Skill      XL: |  1  2  3  4  5  6  7  8  9 10 11 |
---------------+----------------------------------+-----
Axes           | 4 5 6 7 8 9 11 12 | 12.9
Stealth        | 1 2 3 |  3.0
Armour         | 3 5 7 8 9 10 | 10.6
Fighting       | 4 5 6 7 |  7.6
Dodging        | 3 4 |  4.5
Throwing       | 1 4 6 7 |  7.2
Evocations     | 1 |  1.2

Action                   |  1- 3 |  4- 6 |  7- 9 | 10-12 || total
-------------------------+-------+-------+-------+-------++-------
Melee: Hand axe          |    56 |   189 |   253 |       ||   498
       Kick              |    13 |    46 |   167 |    55 ||   281
       Peck              |     5 |    25 |    95 |    36 ||   161
       War axe           |       |       |    67 |       ||    67
       Battleaxe         |       |       |    21 |   204 ||   225
Throw: Boomerang         |       |       |    78 |    78 ||   156
Invok: Berserk           |     1 |    11 |    11 |     9 ||    32
       Trog's Hand       |       |     1 |       |       ||     1
       Brothers in Arms  |       |       |     1 |       ||     1
Evoke: Wand              |       |       |     6 |       ||     6
  Use: Scroll            |       |     4 |     7 |     5 ||    16
 Stab: Sleeping          |     2 |     1 |       |       ||     3
Armor: Leather armour    |     9 |    25 |       |       ||    34
       Ring mail         |     1 |       |       |       ||     1
       Chain mail        |       |    12 |    79 |       ||    91
       Plate armour      |       |       |    22 |    99 ||   121
Dodge: Dodged            |    34 |   123 |   102 |    68 ||   327
